 Dungeon Crawl Stone Soup version 0.31-a0-844-gdc52ec4e09 (webtiles) character file.

Game seed: 4041233999386315621

74678 kae the Black Belt (level 15, 0/156 HPs)
             Began as a Black Draconian Shapeshifter on Sept 28, 2023.
             Was a High Priest of Qazlal.
             Slain by an azure jelly (2 damage)
             ... in an ice cave.
             The game lasted 00:24:22 (23573 turns).

kae the Black Belt (Black Draconian Shapeshifter)  Turns: 23573, Time: 00:24:22

Health: 0/156      AC: 11    Str: 27      XL:     15   Next: 7%
Magic:  0/24       EV: 15    Int: 10 (12) God:    Qazlal [*****.]
Gold:   1054       SH:  7    Dex: 17      Spells: 14/14 levels left

rFire   . .          .
                       - Unarmed
rCold   + . .        (shield currently unavailable)
rNeg    . . .        (body armour unavailable)
rPois   .            (helmet currently unavailable)
rElec   .            D - melded +2 cloak
rCorr   .            (gloves currently unavailable)
SInv    .            E - melded +2 pair of boots
Will    ++...        G - amulet of guardian spirit
Stlth   +            d - ring of willpower
HPRegen 0.46/turn    S - +6 ring of strength
MPRegen 0.19/turn

%: repel missiles, guardian spirit
@: snake-form, protected from cold
A: constrict, boosted hp, (breathe lightning), AC +9, large, unfitting armour,
(big wings), (electricity resistance), (cold-blooded)
a: Begin Untransformation, Renounce Religion, Upheaval, Elemental Force,
Disaster Area


You were in an ice cave.
You worshipped Qazlal.
Qazlal was extremely pleased with you.
You were an enormous anaconda.
You visited 3 branches of the dungeon, and saw 20 of its levels.
You also visited: Ice Cave.

You collected 1313 gold pieces.
You spent 259 gold pieces at shops.


Innate Abilities, Weirdness & Mutations

You are an enormous anaconda.
You have a powerful constriction melee attack.
Your maximum health is increased.
Your armour is entirely melded.
You are incapable of wielding weapons or throwing items.
((You can breathe wild blasts of lightning.))
((Your glossy black scales are hard. (AC +9)))
You cannot fit into any form of body armour.
((Your large and strong wings let you fly.))
((You are resistant to electric shocks. (rElec)))
((You are cold-blooded and may be slowed by cold attacks.))


   Skills:
 + Level 11.6 Fighting
 + Level 10.0 Dodging
 * Level 16.8 Unarmed Combat
 + Level 12.1 Invocations
 - Level 14.0 Shapeshifting


You had 14 spell levels left.
You didn't know any spells.
Your spell library contained the following spells:

 Spells                   Type           Power      Damage    Failure   Level
 Apportation              Tloc           0%         N/A       36%         1
 Magic Dart               Conj           0%         1d3       36%         1
 Necrotise                Necr           0%         1d4       36%         1
 Sting                    Tmut/Pois      0%         1d3       36%         1
 Summon Small Mammal      Summ           0%         N/A       36%         1
 Blink                    Tloc           0%         N/A       50%         2
 Call Imp                 Summ           0%         N/A       50%         2
 Lesser Beckoning         Tloc           0%         N/A       50%         2
 Momentum Strike          Conj/Tloc      0%         3d8       50%         2
 Poisonous Vapours        Pois/Air       0%         N/A       50%         2
 Gell's Gravitas          Tloc           0%         N/A       75%         3
 Inner Flame              Hex/Fire       0%         N/A       75%         3
 Mephitic Cloud           Conj/Pois/Air  0%         N/A       75%         3
 Teleport Other           Tloc           0%         N/A       75%         3
 Tukima's Dance           Hex            0%         N/A       75%         3
 Anguish                  Hex/Necr       0%         N/A       98%         4
 Cause Fear               Hex            0%         N/A       98%         4
 Flame Wave               Conj/Fire      0%         2d4       98%         4
 Manifold Assault         Tloc           0%         N/A       98%         4
 Olgreb's Toxic Radiance  Pois           0%         N/A       98%         4
 Passage of Golubria      Tloc           0%         N/A       98%         4
 Sticky Flame             Conj/Fire      0%         2d3       98%         4
 Summon Forest            Summ/Tloc      0%         N/A       100%        5
 Yara's Violent Unravell  Hex/Tmut       0%         3d3       100%        5
 Eringya's Noxious Bog    Tmut/Pois      0%         4d6       100%        6
 Simulacrum               Ice/Necr       0%         N/A       100%        6
 Enfeeble                 Hex            0%         N/A       100%        7
 Ozocubu's Refrigeration  Ice            0%         4d7       100%        7
 Summon Hydra             Summ           0%         N/A       100%        7
 Polar Vortex             Ice            0%         N/A       100%        9

Inventory:

Missiles
 g - 6 poisoned darts
Armour
 D - a +2 cloak (melded)
   (You found it on level 10 of the Dungeon)
 E - a +2 pair of boots (melded)
   (You found it on level 10 of the Dungeon)
Magical Staves
 a - a staff of poison {!a}
   (You found it on level 8 of the Dungeon)
 w - a staff of earth {!a}
   (You found it on level 8 of the Dungeon)
 C - a staff of air {!a}
   (You found it on level 10 of the Dungeon)
 V - a staff of air {!a}
   (You found it on level 4 of the Lair of Beasts)
Jewellery
 d - a ring of willpower (left hand)
   (You found it on level 4 of the Lair of Beasts)
 f - a ring of protection from fire
   (You found it on level 2 of the Lair of Beasts)
 v - a ring of see invisible
   (You found it on level 3 of the Lair of Beasts)
 F - a ring of protection from fire
   (You took it off a hobgoblin on level 2 of the Dungeon)
 G - an amulet of guardian spirit (around neck)
   (You found it on level 3 of the Dungeon)
 R - a ring of resist corrosion
   (You found it on level 5 of the Lair of Beasts)
 S - a +6 ring of strength (right hand)
   (You found it on level 2 of the Lair of Beasts)
 W - a ring of magical power
   (You found it on level 12 of the Dungeon)
 X - a ring of fire
   (You found it on level 4 of the Lair of Beasts)
Talismans
 b - a beast talisman
 c - a flux talisman
 Y - a serpent talisman (active)
   (You found it on level 4 of the Lair of Beasts)
Wands
 e - a wand of flame (14)
   (You found it on level 3 of the Dungeon)
 i - a wand of digging (4)
   (You found it on level 7 of the Dungeon)
 x - a wand of paralysis (4)
   (You found it on level 5 of the Lair of Beasts)
 O - a wand of mindburst (14)
   (You found it on level 1 of the Lair of Beasts)
 U - a wand of quicksilver (5)
   (You found it on level 3 of the Lair of Beasts)
Scrolls
 l - 4 scrolls of revelation
 m - 5 scrolls of teleportation {@r4}
 q - 3 scrolls of butterflies
 s - 3 scrolls of poison
 y - a scroll of blinking {!r}
 z - 5 scrolls of vulnerability {!r!r}
 A - 2 scrolls of immolation {!r!r}
 I - a scroll of torment {!r}
 J - a scroll of enchant weapon
 K - 3 scrolls of brand weapon
 N - 3 scrolls of fog
 P - a scroll of fear
 T - 4 scrolls of identify {@r1}
Potions
 h - a potion of cancellation
 j - 2 potions of invisibility
 k - 2 potions of brilliance
 n - 4 potions of magic
 o - 10 potions of curing {@q1}
 p - 2 potions of lignification {!q}
 r - a potion of attraction {!q}
 t - a potion of heal wounds {@q2}
 u - a potion of resistance
 B - 3 potions of might
 H - 3 potions of haste {@q3}
 M - a potion of berserk rage {!q}
 Q - 5 potions of mutation {!q}
Miscellaneous
 Z - a tin of tremorstones (2/2)
   (You found it on level 4 of the Lair of Beasts)

Dungeon Overview and Level Annotations

Branches:
Dungeon (14/15) Zot: 26827  Temple (1/1) D:7 Zot: 5940    Lair (5/5) D:10 Zot: 22318
 Shoals (0/4) Lair:2       Spider (0/4) Lair:2        Slime (0/5) Lair:5
    Orc (0/2) D:11         Vaults (0/5) D:13          IceCv (1/1) Zot: 5269

Altars:
Ashenzari
Cheibriados
Dithmenos
Elyvilon
Fedhas
Gozag
Hepliaklqana
Kikubaaqudgha
Makhleb
Nemelex Xobeh
Okawaru
Qazlal
Ru
Sif Muna
Trog
Uskayaw
Vehumet
Wu Jian
Xom
Yredelemnul
Zin
The Shining One
Jiyva

Shops:
D:3 ?*   D:4 [   D:12 (*?*

Annotations:
D:3 2 transporters, Takeo's ghost, amateur DEAE
D:14 Roxanne

#..## #..# ##..##
#...# #..# ....#
##..####..# ....#
.#....##..# ...#
.##...##..## Z..#
)(#...##...# #ZZ#
)[##..##...## #§.#
#.##..##....# ##JJ#
####..##....# #.S§#
.##...###...###.°.#
.#....# ##...#.☼.##
......# #.......#
.....## #......##
.....# ##.....#
#...## ##...##
##### #####


You could see an azure jelly, a quicksilver ooze, a slime creature simulacrum, a
great orb of eyes simulacrum and a glowing shapeshifter simulacrum.


Message History

You block the quicksilver ooze's attack.
The azure jelly is engulfed in blazing flames.
The azure jelly hits you but does no damage.
The azure jelly hits you. The azure jelly freezes you!!
You feel protected from cold.
The azure jelly hits you but does no damage. x2
A great orb of eyes simulacrum comes into view.
You are too injured to fight recklessly! 😮 HP[-29] MP[-4]
You take 29 damage, and now have 98/156 hp.
You lost 4 mp, and now have 16/24 mp.
You lash the azure jelly!
You kill the azure jelly!
Qazlal accepts your kill.
You feel yourself speed up.
Your lungs strain for air!
The quicksilver ooze hits you.
The quicksilver ooze hits you but does no damage.
The quicksilver ooze hits you. x2
You feel your power leaking away. The azure jelly misses you.
The azure jelly hits you. The azure jelly freezes you! You resist.
You feel more protected from cold.
* * * LOW HITPOINT WARNING * * *
You block the azure jelly's attack. The azure jelly closely misses you.
A glowing shapeshifter simulacrum comes into view.
You feel your intelligence returning.
Your Dodging skill increases to level 10! 😨 HP[-22] MP[-11]
You take 22 damage, and now have 76/156 hp.
You lost 11 mp, and now have 5/24 mp.
You lash the azure jelly!
* * * LOW HITPOINT WARNING * * *
Your lungs strain for air!
The quicksilver ooze hits you.
The quicksilver ooze hits you but does no damage. 😨 HP[-4]
You take 4 damage, and now have 72/156 hp.
Unknown command.
You barely miss the azure jelly.
* * * LOW HITPOINT WARNING * * *
Your lungs strain for air!
The quicksilver ooze hits you.
* * * LOW HITPOINT WARNING * * *
The quicksilver ooze hits you.
* * * LOW HITPOINT WARNING * * *
You feel your power leaking away. You block the azure jelly's attack.
The azure jelly hits you but does no damage. x2
The azure jelly barely misses you. 😨 HP[-10] MP[-2]
You take 10 damage, and now have 62/156 hp.
You lost 2 mp, and now have 3/24 mp.
You body-slam the azure jelly!!
* * * LOW HITPOINT WARNING * * *
Your lungs strain for air!
The quicksilver ooze barely misses you. The quicksilver ooze misses you.
The azure jelly hits you.
* * * LOW HITPOINT WARNING * * *
The azure jelly freezes you! You resist.
You feel more protected from cold.
* * * LOW HITPOINT WARNING * * *
The azure jelly hits you!
* * * LOW HITPOINT WARNING * * *
The azure jelly freezes you! You resist.
* * * LOW HITPOINT WARNING * * *
The azure jelly hits you!
* * * LOW HITPOINT WARNING * * *
The azure jelly closely misses you.
Unknown command. 😱 HP[-43] MP[-3]
You take 43 damage, and now have 19/156 hp.
MASSIVE DAMAGE!! (PAUSE)
You lost 3 mp, and now have 0/24 mp.
Unknown command.
You body-slam the azure jelly!!
* * * LOW HITPOINT WARNING * * *
Your lungs strain for air!
You block the quicksilver ooze's attack. x2
The azure jelly hits you but does no damage. x4
A slime creature simulacrum comes into view.
The quicksilver ooze hits you!
* * * LOW HITPOINT WARNING * * *
The quicksilver ooze hits you but does no damage. 😱 HP[-18]
You take 18 damage, and now have 1/156 hp.
Unknown command.
Unknown command.
You cannot read scrolls while unable to breathe!
Unknown command.
Unknown command.
Okay, then.
You slip free of the ooze engulfing you.
You gasp with relief as air once again reaches your lungs.
The quicksilver ooze attacks as it pursues you!
The quicksilver ooze misses you.
You block the quicksilver ooze's attack.
The azure jelly attacks as it pursues you!
The azure jelly hits you.
You die...

Skill      XL: |  1  2  3  4  5  6  7  8  9 10 11 12 13 14 15 |
---------------+----------------------------------------------+-----
Shapeshifting  | 4 5 7 9 11 13 14 | 14.0
Unarmed Combat | 4 5 6 7 8 10 12 13 15 16 | 16.8
Invocations    | 3 5 7 9 10 12 | 12.1
Dodging        | 2 4 5 7 8 9 10 | 10.0
Fighting       | 2 4 6 8 10 11 | 11.6

Action                     |  1- 3 |  4- 6 |  7- 9 | 10-12 | 13-15 || total
---------------------------+-------+-------+-------+-------+-------++-------
  Melee: Unarmed           |   123 |   118 |   334 |   683 |   613 ||  1871
         Tailslap          |    16 |    19 |    59 |   135 |    44 ||   273
         Punch             |     3 |     4 |     1 |       |       ||     8
         Constrict         |       |       |       |       |    69 ||    69
 Invoke: Upheaval          |       |       |       |     2 |     1 ||     3
         Elemental Force   |       |       |       |       |     1 ||     1
Ability: Breathe Lightning |       |       |     5 |     4 |     4 ||    13
  Evoke: Wand              |       |       |     6 |     9 |       ||    15
    Use: Scroll            |     2 |    11 |     5 |     7 |     5 ||    30
         Potion            |       |     3 |       |       |     4 ||     7
   Stab: Sleeping          |       |     6 |       |       |       ||     6
         Paralysed         |       |       |    14 |       |     1 ||    15
         Petrified         |       |       |       |       |     9 ||     9
 Armour: Skin              |    58 |    76 |   238 |   438 |   461 ||  1271
  Dodge: Dodged            |    67 |    62 |   225 |   398 |   343 ||  1095
         Repelled          |       |       |       |       |     3 ||     3
  Block: Other             |       |       |     1 |    68 |   137 ||   206
   Form: Flux              |       |       |     1 |       |       ||     1
         Anaconda          |       |       |       |       |     1 ||     1

Levels and vault maps discovered:
D:1:      onia_arrival_zoo_common, layout_basic, st_stairs_2
D:2:      minmay_roachtagon, layout_basic, chequers_big_river
D:3:      layout_rooms, serial_shops, nicolae_shop_behind_doors,
          nicolae_shop_statue_plus, gammafunk_ghost_gnarly_gnolls,
          kennysheep_generic_room_7, uniq_grinder
D:4:      layout_loops_cross, serial_shops, shop_fountains, uniq_edmund
D:5:      layout_rooms, reono_crystal_passage, nicolae_titane
D:6:      layout_cave_pools, kennysheep_mini_moat, trog_ov_bears_minmay,
          minmay_misc_feat_columns, nicolae_letterblocks
          [nicolae_letter_subblock, nicolae_letter_subblock,
          nicolae_letter_subblock, nicolae_letter_subblock,
          nicolae_letter_subblock, nicolae_letter_subblock,
          nicolae_letter_subblock, nicolae_letter_subblock,
          nicolae_letter_subblock, nicolae_letter_subblock,
          nicolae_letter_subblock, nicolae_letter_subblock,
          nicolae_letter_subblock, nicolae_letter_subblock,
          nicolae_letter_subblock, nicolae_letter_subblock,
          nicolae_letter_subblock, nicolae_letter_subblock,
          nicolae_letter_subblock, nicolae_letter_subblock,
          nicolae_letter_subblock, nicolae_letter_subblock,
          nicolae_letter_subblock, nicolae_letter_subblock,
          nicolae_letter_subblock]
D:7:      lemuel_ice_spiral_2, layout_rooms, old_standard_altar,
          kennysheep_mini, minmay_temple_entry_junction_2
D:8:      layout_basic
D:9:      layout_layer_cave
D:10:     nicolae_whirlpool, layout_layer_cave,
          mainiacjoe_overflow_tiny_flanked, minmay_lair_entry_lava
D:11:     layout_loops_ring, zombieorc1_lemuel
D:12:     layout_basic, serial_shops, shop, shop, shop, nicolae_stop_n_shop_1,
          einodemon_barbed_minivault
D:13:     layout_cave_pools, grunt_vaults_entry_fortified,
          nicolae_uskayaw_dance_hall, uniq_erolcha
D:14:     nzn_winding_woodlands_stair_trap
          [nzn_winding_woodlands_5x15_split_checker,
          nzn_winding_woodlands_5x15_parted, nzn_winding_woodlands_5x15_crooked,
          nzn_winding_woodlands_15x15_boxy_spiral,
          nzn_winding_woodlands_5x15_river_crossing,
          nzn_winding_woodlands_5x15_sawtooth,
          nzn_winding_woodlands_5x15_twine], layout_rooms,
          portal_ice_cave_entry_dragon, minmay_misc_feat_enclosed, uniq_roxanne,
          uniq_frances
Temple:   bh_familiar_temple
Lair:1:   lemuel_reptile_caves, layout_long_grid, cheibrodos_lair_reptile_den,
          uniq_joseph, uniq_erica
Lair:2:   layout_cave_pods, minmay_shoals_entry_centaurs,
          nicolae_spider_entry_lesser_pyramids, bh_autumn_forest_stairs
Lair:3:   layout_cave_pods, lemuel_fruit_tree, grunt_megastairs_4
Lair:4:   layout_gridlike
Lair:5:   grunt_lair_end_beastmaster, layout_loops_ring, slime_entry_1,
          grunt_megastairs_3
IceCv:    ice_cave_hellmonk_azure_passage

Notes
Turn   | Place    | Note
-------+----------+-------------------------------------------
     0 | D:1      | kae the Draconian Shapeshifter began the quest for the Orb.
     0 | D:1      | Reached XP level 1. HP: 16/16 MP: 1/1
     0 | D:1      | magus.rc [v1.11.3]
     6 | D:1      | Noticed a rime drake
     6 | D:1      | Noticed a black mamba
     7 | D:1      | Noticed a redback
     7 | D:1      | Noticed a polar bear
    84 | D:1      | Reached XP level 2. HP: 13/23 MP: 2/2
   143 | D:1      | You pick up a book of Minor Magic and begin reading...
   143 | D:1      | You add the spells Magic Dart, Call Imp and Mephitic Cloud
                  | to your library.
   968 | D:2      | Reached XP level 3. HP: 28/28 MP: 3/3
  1209 | D:2      | Reached skill level 4 in Shapeshifting
  1309 | D:2      | Reached XP level 4. HP: 33/35 MP: 4/4
  1936 | D:3      | Noticed Grinder
  1950 | D:3      | Killed Grinder
  1951 | D:3      | Reached skill level 4 in Unarmed Combat
  1951 | D:3      | Reached skill level 5 in Shapeshifting
  1951 | D:3      | Reached XP level 5. HP: 40/40 MP: 5/5
  1951 | D:3      | Reached XP level 6. HP: 47/47 MP: 6/6
  2262 | D:3      | Found a transporter.
  2277 | D:3      | You pick up a book of Displacement and begin reading...
  2277 | D:3      | You add the spells Lesser Beckoning, Gell's Gravitas and
                  | Teleport Other to your library.
  2365 | D:3      | Found Vid Xentu's Magic Scroll Shop.
  2372 | D:3      | Bought a scroll of revelation for 105 gold pieces
  2372 | D:3      | Bought a scroll of identify for 28 gold pieces
  2373 | D:3      | Bought a scroll of teleportation for 42 gold pieces
  2441 | D:3      | Found Yxyxonei's General Store.
  2444 | D:3      | Bought a potion of curing for 33 gold pieces
  2483 | D:3      | Found a transporter.
  2490 | D:3      | Identified the ring "Jycooqom" {EV+5 Int+3}
  2495 | D:3      | Noticed Takeo's ghost (amateur DEAE)
  2672 | D:4      | Identified a scroll of acquirement
  2672 | D:4      | Acquired a manual of Shapeshifting
  2768 | D:4      | Found Bint's Antique Armour Emporium.
  2884 | D:4      | Reached skill level 5 in Unarmed Combat
  2884 | D:4      | Reached skill level 6 in Shapeshifting
  3122 | D:4      | Noticed Edmund
  3130 | D:4      | Killed Edmund
  3131 | D:4      | Reached skill level 7 in Shapeshifting
  3131 | D:4      | Your scales start taking on a glossy black colour.
  3131 | D:4      | Reached XP level 7. HP: 43/52 MP: 4/7
  3131 | D:4      | Gained mutation: You are resistant to electric shocks.
                  | (rElec) [Black Draconian growth]
  3325 | D:5      | Entered Level 5 of the Dungeon
  3331 | D:5      | You add the spells Tukima's Dance, Passage of Golubria and
                  | Yara's Violent Unravelling to your library.
  3547 | D:5      | Reached skill level 8 in Shapeshifting
  3908 | D:6      | Found a bloodstained altar of Trog.
  3998 | D:6      | Reached skill level 6 in Unarmed Combat
  4063 | D:5      | Reached skill level 9 in Shapeshifting
  4063 | D:5      | Reached XP level 8. HP: 46/59 MP: 8/8
  4242 | D:6      | Reached skill level 10 in Shapeshifting
  4530 | D:6      | Reached skill level 7 in Unarmed Combat
  4542 | D:6      | Reached skill level 11 in Shapeshifting
  4696 | D:6      | Found a white marble altar of Elyvilon.
  5122 | D:6      | Reached XP level 9. HP: 54/64 MP: 7/9
  5160 | D:7      | Found a staircase to the Ecumenical Temple.
  5180 | Temple   | Entered the Ecumenical Temple
  5213 | Temple   | Became a worshipper of Qazlal Stormbringer
  5292 | D:7      | Reached skill level 12 in Shapeshifting
  5464 | D:7      | Found a shadowy altar of Dithmenos.
  5636 | D:7      | Found a glowing silver altar of Zin.
  6355 | D:8      | You add the spells Sting, Poisonous Vapours and Olgreb's
                  | Toxic Radiance to your library.
  6443 | D:8      | Reached skill level 1 in Invocations
  6741 | D:8      | You pick up a book of Spatial Translocations and begin
                  | reading...
  6741 | D:8      | You add the spells Blink and Momentum Strike to your
                  | library.
  6955 | D:9      | You add the spells Summon Forest, Eringya's Noxious Bog and
                  | Summon Hydra to your library.
  7078 | D:9      | Reached skill level 8 in Unarmed Combat
  7123 | D:9      | Reached skill level 2 in Invocations
  7123 | D:9      | Reached skill level 13 in Shapeshifting
  7165 | D:9      | Noticed a kobold demonologist
  7177 | D:9      | Killed a kobold demonologist
  7233 | D:9      | You pick up a book of Cantrips and begin reading...
  7233 | D:9      | You add the spells Necrotise, Summon Small Mammal and
                  | Apportation to your library.
  7295 | D:9      | Reached skill level 3 in Invocations
  7309 | D:9      | HP: 16/64 [orc/+0 hand axe (3)]
  7311 | D:9      | Reached * piety under Qazlal
  7696 | D:9      | You pick up a book of Displacement and begin reading...
  7734 | D:9      | Noticed a troll
  7741 | D:9      | Killed a troll
  7997 | D:9      | Noticed a troll
  8009 | D:9      | HP: 16/64 [troll (4)]
  8010 | D:9      | Killed a troll
  8011 | D:9      | Reached skill level 2 in Dodging
  8339 | D:10     | Entered Level 10 of the Dungeon
  8347 | D:10     | Noticed a two-headed ogre
  8367 | D:10     | Killed a two-headed ogre
  8368 | D:10     | Reached skill level 2 in Fighting
  8368 | D:10     | Reached XP level 10. HP: 62/73 MP: 9/12
  8446 | D:10     | You pick up a book of Hexes and begin reading...
  8446 | D:10     | You add the spells Anguish, Cause Fear and Enfeeble to your
                  | library.
  8466 | D:10     | Reached skill level 4 in Invocations
  8710 | D:10     | Found a hazy altar of Hepliaklqana.
  8803 | D:10     | Reached skill level 14 in Shapeshifting
  8820 | D:10     | Reached skill level 9 in Unarmed Combat
  9125 | D:10     | Noticed a fire crab
  9255 | D:10     | Reached skill level 3 in Fighting
  9255 | D:10     | Reached skill level 3 in Dodging
  9255 | D:10     | Noticed a boulder beetle
  9273 | D:10     | Killed a boulder beetle
  9390 | D:10     | Noticed a two-headed ogre
  9398 | D:10     | Killed a two-headed ogre
  9399 | D:10     | Reached skill level 5 in Invocations
  9663 | D:10     | Reached skill level 4 in Fighting
  9663 | D:10     | Reached skill level 10 in Unarmed Combat
  9678 | D:10     | Reached skill level 4 in Dodging
  9904 | D:10     | Killed a fire crab
  9905 | D:10     | Reached XP level 11. HP: 74/85 MP: 12/15
 10050 | D:10     | Found a staircase to the Lair.
 10568 | D:11     | Noticed a tengu warrior
 10569 | D:11     | Noticed a tengu warrior
 10575 | D:11     | Killed a tengu warrior
 10576 | D:11     | Reached skill level 6 in Invocations
 10585 | D:11     | Killed a tengu warrior
 10586 | D:11     | Reached skill level 5 in Fighting
 10818 | D:11     | Reached ** piety under Qazlal
 10826 | D:11     | You pick up a book of Flames and begin reading...
 10826 | D:11     | You add the spells Inner Flame, Sticky Flame and Flame Wave
                  | to your library.
 10904 | D:11     | Noticed a two-headed ogre
 10916 | D:11     | Killed a two-headed ogre
 10917 | D:11     | Reached skill level 11 in Unarmed Combat
 10998 | D:11     | Reached skill level 5 in Dodging
 11008 | D:11     | Found a staircase to the Orcish Mines.
 11751 | D:12     | Noticed a seven-headed hydra
 11759 | D:12     | Reached *** piety under Qazlal
 11764 | D:12     | HP: 21/89 [seven-headed hydra (6)]
 11765 | D:12     | Killed a seven-headed hydra
 11766 | D:12     | Reached skill level 6 in Fighting
 11766 | D:12     | Reached skill level 7 in Invocations
 12450 | D:12     | Found Tufam's Magic Scroll Shop.
 12457 | D:12     | Bought a scroll of identify for 24 gold pieces
 12477 | D:12     | Noticed a white ugly thing
 12486 | D:12     | Killed a cyan ugly thing
 12553 | D:12     | Found Touwkif's Assorted Antiques.
 12559 | D:12     | Bought a bubbling purple potion for 27 gold pieces
 12677 | D:12     | Found Luqer's General Store.
 12693 | D:12     | Reached skill level 12 in Unarmed Combat
 12922 | D:12     | Reached XP level 12. HP: 94/97 MP: 15/17
 13102 | D:12     | Reached skill level 6 in Dodging
 13165 | D:12     | Found Coj Gum's Antique Weapon Shop.
 13238 | D:12     | Reached skill level 7 in Fighting
 13263 | D:12     | Reached skill level 8 in Invocations
 13827 | Lair:1   | Entered Level 1 of the Lair of Beasts
 13950 | Lair:1   | Noticed Joseph
 13965 | Lair:1   | Killed Joseph
 13976 | Lair:1   | Reached **** piety under Qazlal
 13977 | Lair:1   | Reached skill level 13 in Unarmed Combat
 14224 | Lair:1   | Reached skill level 8 in Fighting
 14342 | Lair:1   | Reached skill level 7 in Dodging
 14361 | Lair:1   | Reached skill level 9 in Invocations
 14694 | Lair:1   | Noticed Erica
 14702 | Lair:1   | Killed Erica
 15486 | Lair:2   | HP: 22/91 [pharaoh ant (6)]
 15491 | Lair:2   | Reached XP level 13. HP: 16/97 MP: 3/19
 15502 | Lair:2   | HP: 13/145 [pharaoh ant (25)]
 15767 | Lair:2   | Found a staircase to the Shoals.
 16026 | Lair:2   | Found a hole to the Spider Nest.
 16847 | Lair:3   | Reached skill level 14 in Unarmed Combat
 17135 | Lair:3   | Reached skill level 9 in Fighting
 17146 | Lair:3   | Reached ***** piety under Qazlal
 17188 | Lair:3   | HP: 26/111 [blink frog (10)]
 17573 | Lair:3   | Reached skill level 8 in Dodging
 17573 | Lair:3   | Reached skill level 10 in Invocations
 18991 | Lair:4   | Reached skill level 15 in Unarmed Combat
 19730 | Lair:5   | Entered Level 5 of the Lair of Beasts
 19759 | Lair:5   | Found a staircase to the Slime Pits.
 19761 | Lair:5   | Found a viscous altar of Jiyva.
 19772 | Lair:5   | Reached skill level 10 in Fighting
 19863 | Lair:5   | Gained mutation: Your large and strong wings let you fly.
                  | [Black Draconian growth]
 19863 | Lair:5   | Reached XP level 14. HP: 78/121 MP: 10/22
 19876 | Lair:5   | HP: 28/145 [boulder beetle (16)]
 19878 | Lair:5   | HP: 9/145 [elephant (7)]
 19878 | Lair:5   | HP: 4/145 [boulder beetle (5)]
 19886 | Lair:5   | HP: 4/145 [boulder beetle (33)]
 20383 | Lair:5   | Reached skill level 11 in Invocations
 20457 | Lair:5   | Reached skill level 9 in Dodging
 21024 | Lair:5   | HP: 27/146 [death yak (16)]
 21026 | Lair:5   | HP: 11/146 [death yak (17)]
 21454 | Lair:5   | You pick up a book of Ice and begin reading...
 21454 | Lair:5   | You add the spells Simulacrum, Ozocubu's Refrigeration and
                  | Polar Vortex to your library.
 21701 | D:13     | Reached skill level 16 in Unarmed Combat
 21953 | D:13     | Reached skill level 11 in Fighting
 21974 | D:13     | Found a hide-covered altar of Uskayaw.
 21991 | D:13     | Noticed Erolcha
 21998 | D:13     | Killed Erolcha
 22349 | D:13     | Found a gate to the Vaults.
 22681 | D:14     | HP: 23/148 [catoblepas (15)]
 22700 | D:14     | HP: 11/148 [efreet/fireball (20)]
 22739 | D:14     | Noticed Roxanne
 22787 | D:14     | Found a frozen archway.
 22822 | IceCv    | Entered an ice cave
 23039 | IceCv    | Reached skill level 12 in Invocations
 23187 | IceCv    | Noticed a quicksilver ooze
 23191 | IceCv    | Noticed a quicksilver ooze
 23192 | IceCv    | Killed a quicksilver ooze
 23196 | IceCv    | Killed a quicksilver ooze
 23197 | IceCv    | Reached XP level 15. HP: 118/130 MP: 1/24
 23564 | IceCv    | Noticed an azure jelly
 23566 | IceCv    | Noticed an azure jelly
 23568 | IceCv    | Killed an azure jelly
 23569 | IceCv    | Reached skill level 10 in Dodging
 23571 | IceCv    | HP: 35/156 [azure jelly (6)]
 23572 | IceCv    | HP: 14/156 [drowned by a quicksilver ooze (5)]
 23572 | IceCv    | HP: 1/156 [quicksilver ooze (13)]
 23573 | IceCv    | Slain by an azure jelly

Vanquished Creatures
  An azure jelly (IceCv)
  2 quicksilver oozes (IceCv)
  5 vault guards (D:13)
  5 hydras
  Erolcha (D:13)
  2 catoblepae
  Erica (Lair:1)
  An ice dragon (D:14)
  4 boulder beetles
  2 centaur warriors (D:13)
  A two-headed ogre (shapeshifter) (D:13)
  3 tengu warriors
  3 two-headed ogres
  A deep troll shaman (Lair:5)
  4 death yaks (Lair:5)
  3 skysharks
  A pharaoh ant (Lair:2)
  A fire crab (D:10)
  An orange crystal statue (IceCv)
  A lindwurm (Lair:5)
  A deep elf pyromancer (D:13)
  2 manticores (D:12)
  An ugly thing (D:12)
  An orc sorcerer (D:13)
  11 elephants
  4 cyclopes
  Joseph (Lair:1)
  7 black mambas
  4 cane toads
  4 orange demons (D:12)
  2 gargoyles
  3 rime drakes
  6 komodo dragons
  A kobold demonologist (D:9)
  An efreet (D:14)
  2 tengu conjurers (D:13)
  2 polar bears
  4 trolls
  Grinder (D:3)
  2 tarantellas (Lair:2)
  20 blink frogs
  3 dream sheep (Lair:5)
  A jumping spider (shapeshifter) (D:14)
  25 slime creatures
  A spriggan (shapeshifter) (D:14)
  A jumping spider (Lair:2)
  A shadow (D:11)
  3 vampires
  A basilisk (shapeshifter) (D:13)
  3 wyverns
  3 wraiths
  54 yaks
  5 basilisks
  A redback (Lair:2)
  6 vampire mosquitoes
  Edmund (D:4)
  29 water moccasins
  3 acid dragons
  2 sky beasts
  5 black bears
  6 orc warriors
  A swamp drake (Lair:1)
  2 great orb of eyes simulacra (IceCv)
  2 ogres
  4 wolves (Lair:5)
  15 centaurs
  2 slime creature simulacra (IceCv)
  A phantom (D:11)
  2 kobold brigands
  7 bullfrogs
  4 scorpions
  3 glowing shapeshifter simulacra (IceCv)
  4 killer bees (D:10)
  An electric eel (Lair:1)
  2 howler monkeys (D:7)
  4 orc priests
  2 hounds
  An iguana (D:4)
  A sleepcap (D:5)
  14 orc wizards
  6 ogre zombies (D:11)
  6 gnolls
  22 adders
  3 shadow imps
  2 ufetubi
  4 worms
  4 dart slugs
  39 orcs
  11 endoplasms
  14 giant cockroaches
  5 goblins
  10 hobgoblins
  6 jackals
  16 kobolds
  A quokka (D:2)
  11 ball pythons
  7 bats
  2 frilled lizards
  A goblin zombie (D:11)
  3 hobgoblin zombies (D:11)
  4 orc skeletons (D:11)
  11 orc zombies (D:11)
  8 rats
545 creatures vanquished.

Vanquished Creatures (collateral kills)
  An elephant (Lair:5)
  A cane toad (Lair:5)
  A komodo dragon (Lair:5)
  3 dream sheep (Lair:5)
  A yak (Lair:5)
  2 water moccasins (Lair:5)
9 creatures vanquished.

Vanquished Creatures (others)
  A death yak (Lair:5)
  A slime creature (D:14)
  2 adders (Lair:1)
4 creatures vanquished.

Grand Total: 558 creatures vanquished

Table legend:
 A = Non-vault XP
 B = Vault XP
 C = Vault XP percentage of total XP
 D = Non-vault monster count
 E = Vault monster count
 F = Vault count percentage of total count
                 A         B        C        D         E       F
            +---------+---------+-------+---------+---------+-------
      Total |   66571 |   40113 |  37.6 |     388 |     169 |  30.3
            +---------+---------+-------+---------+---------+-------
        D:1 |      34 |       3 |   8.1 |      21 |       2 |   8.7
        D:2 |      49 |      22 |  31.0 |      24 |      11 |  31.4
        D:3 |      66 |     284 |  81.1 |      27 |       3 |  10.0
        D:4 |     204 |     171 |  45.6 |      14 |       1 |   6.7
        D:5 |     481 |       0 |   0.0 |      18 |       0 |   0.0
        D:6 |    1116 |     257 |  18.7 |      22 |       2 |   8.3
        D:7 |     514 |       0 |   0.0 |      20 |       0 |   0.0
        D:8 |     392 |       0 |   0.0 |      17 |       0 |   0.0
        D:9 |    1698 |       0 |   0.0 |      15 |       0 |   0.0
       D:10 |    4648 |    1091 |  19.0 |      18 |       4 |  18.2
       D:11 |    5277 |     687 |  11.5 |      19 |      28 |  59.6
       D:12 |    8070 |    3041 |  27.4 |      32 |       9 |  22.0
       D:13 |    7731 |    6788 |  46.8 |      17 |      11 |  39.3
       D:14 |    2066 |    2122 |  50.7 |       7 |       5 |  41.7
     Lair:1 |    3431 |    5240 |  60.4 |      16 |      41 |  71.9
     Lair:2 |    2678 |    2048 |  43.3 |      11 |       8 |  42.1
     Lair:3 |   13481 |     731 |   5.1 |      45 |       4 |   8.2
     Lair:4 |    5215 |       0 |   0.0 |      11 |       0 |   0.0
     Lair:5 |    8715 |   10371 |  54.3 |      31 |      21 |  40.4
      IceCv |     705 |    7257 |  91.1 |       3 |      19 |  86.4
            +---------+---------+-------+---------+---------+-------

Skill      XL: |  1  2  3  4  5  6  7  8  9 10 11 12 13 14 15 |
---------------+----------------------------------------------+-----
Shapeshifting  | 4 5 7 9 11 13 14 | 14.0
Unarmed Combat | 4 5 6 7 8 10 12 13 15 16 | 16.8
Invocations    | 3 5 7 9 10 12 | 12.1
Dodging        | 2 4 5 7 8 9 10 | 10.0
Fighting       | 2 4 6 8 10 11 | 11.6

Action                     |  1- 3 |  4- 6 |  7- 9 | 10-12 | 13-15 || total
---------------------------+-------+-------+-------+-------+-------++-------
  Melee: Unarmed           |   123 |   118 |   334 |   683 |   613 ||  1871
         Tailslap          |    16 |    19 |    59 |   135 |    44 ||   273
         Punch             |     3 |     4 |     1 |       |       ||     8
         Constrict         |       |       |       |       |    69 ||    69
 Invoke: Upheaval          |       |       |       |     2 |     1 ||     3
         Elemental Force   |       |       |       |       |     1 ||     1
Ability: Breathe Lightning |       |       |     5 |     4 |     4 ||    13
  Evoke: Wand              |       |       |     6 |     9 |       ||    15
    Use: Scroll            |     2 |    11 |     5 |     7 |     5 ||    30
         Potion            |       |     3 |       |       |     4 ||     7
   Stab: Sleeping          |       |     6 |       |       |       ||     6
         Paralysed         |       |       |    14 |       |     1 ||    15
         Petrified         |       |       |       |       |     9 ||     9
 Armour: Skin              |    58 |    76 |   238 |   438 |   461 ||  1271
  Dodge: Dodged            |    67 |    62 |   225 |   398 |   343 ||  1095
         Repelled          |       |       |       |       |     3 ||     3
  Block: Other             |       |       |     1 |    68 |   137 ||   206
   Form: Flux              |       |       |     1 |       |       ||     1
         Anaconda          |       |       |       |       |     1 ||     1

Illustrated notes

Table legend:
 A = Kills in this place as a percentage of kills in the entire game.
 B = Kills by you in this place as a percentage of kills by you in the entire game.
 C = Kills by friends in this place as a percentage of kills by friends in the entire game.
 D = Other kills in this place as a percentage of other kills in the entire game.
 E = Experience gained in this place as a percentage of experience gained in the entire game.
 F = Experience gained in this place divided by the number of levels of this place that you have seen.
                   A       B       C       D       E      F
               +-------+-------+-------+-------+-------+----------------------
         Total | 100.0 | 100.0 | 100.0 | 100.0 | 100.0 | 5080.2
       Dungeon |  62.3 |  63.5 |   0.0 |  33.3 |  43.9 | 3343.7
          Lair |  33.8 |  32.5 | 100.0 |  66.7 |  48.7 | 10382.0
      Ice Cave |   3.9 |   4.0 |   0.0 |   0.0 |   7.5 | 7962.0
               +-------+-------+-------+-------+-------+----------------------

Table legend: (Time is in decaauts)
 A = Elapsed time spent in this place.
 B = Non-inter-level travel time spent in this place.
 C = Inter-level travel time spent in this place.
 D = Time resting spent in this place.
 E = Time spent auto-exploring this place.
 F = Levels seen in this place.
 G = Mean time per level.
                   A        B        C        D        E       F      G
               +--------+--------+--------+--------+--------+-----+--------+
         Total |  23272 |  22402 |    870 |   1574 |  17298 |  21 | 1108.2 |
       Dungeon |  14801 |  14193 |    608 |   1119 |  10639 |  14 | 1057.2 |
        Temple |     59 |      7 |     52 |      0 |      6 |   1 |   59.0 |
          Lair |   7681 |   7472 |    209 |    253 |   6224 |   5 | 1536.2 |
      Ice Cave |    729 |    729 |      0 |    201 |    428 |   1 |  729.0 |
               +--------+--------+--------+--------+--------+-----+--------+

Top non-repeatable levels by time:
    D:10: 2205 daAuts
    D:11: 1911 daAuts
  Lair:2: 1759 daAuts
  Lair:3: 1630 daAuts
  Lair:5: 1471 daAuts
  Lair:1: 1443 daAuts
     D:9: 1442 daAuts
  Lair:4: 1375 daAuts
    D:12: 1345 daAuts
     D:2: 995 daAuts
     D:6: 982 daAuts
     D:1: 942 daAuts
    D:13: 921 daAuts
     D:8: 874 daAuts
     D:5: 813 daAuts
